 Dungeon Crawl Stone Soup version 0.14-a0-1403-g5d3c58f (webtiles) character file.

1446 PolkaDot the Slicer (level 8, -8/55 HPs)
             Began as a Vampire Death Knight on Dec 10, 2013.
             Was an Elder of Yredelemnul.
             Mangled by a centaur (9 damage)
             ... while paralysed by a giant eyeball
             ... on Level 6 of the Dungeon.
             The game lasted 00:18:22 (4142 turns).

PolkaDot the Slicer (Vampire Death Knight)          Turns: 4142, Time: 00:18:23

HP  -8/55        AC  6     Str 12      XL: 8   Next: 22%
MP  13/13        EV  2     Int 16      God: Yredelemnul [****..]
Gold 235         SH  0     Dex 15      Spells:  0 memorised,  7 levels left

rFire  . . .     SeeInvis +     i - +3,+2 dwarf dagger (drain)
rCold  . . .     Clarity  .     b - +0 leather armour
rNeg   + . .     Conserve .     (no shield)
rPois  .         rCorr    .     s - +2 orc wizard hat
rElec  .         rRot     .     o - +0 cloak
SustAb . .       Spirit   .     (no gloves)
rMut   .         Warding  .     (no boots)
Saprov . . .     Stasis   .     (no amulet)
                                w - +3 ring of intelligence
                                h - ring of positive energy

@: paralysed, regenerating quickly, somewhat resistant to hostile enchantments,
unstealthy
A: bottle blood, fangs 3, see invisible, unbreathing
a: Bottle Blood, Animate Dead, Recall Undead Slaves, Injury Mirror, Drain Life,
Renounce Religion


You were on level 6 of the Dungeon.
You worshipped Yredelemnul.
Yredelemnul was greatly pleased with you.
You were very full.

You visited 1 branch of the dungeon, and saw 6 of its levels.
You also visited: Sewer.

You collected 235 gold pieces.

Inventory:

Hand weapons
 i - a +3,+2 dwarven dagger of draining (weapon)
Armour
 b - a +0 leather armour (worn)
 o - a +0 cloak (worn)
 s - a +2 orcish wizard hat (worn)
 t - a +0 buckler
Magical devices
 y - a wand of flame (0)
Scrolls
 e - 4 scrolls of teleportation
 f - 3 scrolls of enchant weapon II
 g - 2 scrolls of immolation
 j - 5 scrolls of remove curse
 m - a scroll of magic mapping {unknown}
 n - a scroll of enchant weapon I {unknown}
 x - a scroll of noise {unknown}
 B - a scroll of blinking
 C - a scroll of enchant armour {unknown}
Jewellery
 h - a ring of positive energy (left hand)
 w - a +3 ring of intelligence (right hand)
Potions
 a - 3 potions of heal wounds
 c - 2 potions of confusion
 d - 2 potions of might
 k - a potion of berserk rage {unknown}
 l - a potion of cure mutation {unknown}
 p - 2 potions of invisibility {unknown}
 r - 6 potions of curing {unknown}
 u - a potion of magic {unknown}
 v - 2 potions of mutation {unknown}
 z - 2 potions of restore abilities {unknown}
 A - 2 potions of speed {unknown}


   Skills:
 - Level 1.7 Fighting
 - Level 10.2 Short Blades
 - Level 0.7 Armour
 + Level 2.4 Dodging
 * Level 3.4 Invocations


You had 7 spell levels left.
You didn't know any spells.

Dungeon Overview and Level Annotations

Branches:
Dungeon (6/16)             Temple (0/1) D:4

Altars:
Kikubaaqudgha
Nemelex Xobeh


Innate Abilities, Weirdness & Mutations

Your natural rate of healing is unusually fast.
You can bottle blood from corpses.
You have razor-sharp teeth.*
You have supernaturally acute eyesight.
You can survive without breathing.*


Message History

Your giant frog skeleton hits the centaur.
The giant eyeball stares at you.
You suddenly lose the ability to move!
The centaur hits you!
* * * LOW HITPOINT WARNING * * *
Your giant frog skeleton hits the centaur but does no damage.
The centaur hits you but does no damage.
Your giant frog skeleton barely misses the centaur.
The centaur hits you.
* * * LOW HITPOINT WARNING * * *
Your giant frog skeleton closely misses the centaur.
The centaur hits you.
* * * LOW HITPOINT WARNING * * *
The centaur hits you!
* * * LOW HITPOINT WARNING * * *
Your giant frog skeleton hits the centaur.
The centaur barely misses you.
Your giant frog skeleton hits the centaur.
The centaur hits you!
You die...
Yredelemnul claims you as an undead slave.

##............. .....
##.............. ....
##................ ...
##.................. ..
##.................... .
##.....................
##......................
#...............z........
<............(.(@cw......
...........(.............
<..........(............
#..............(...G....
##.................).$..
##............%.......
##..................
##................
##.............


You could see a worm, a centaur, a giant eyeball and a friendly giant frog
skeleton.

Vanquished Creatures
  3 giant frogs
  2 crimson imps
  A centaur zombie (D:6)
  A black bear skeleton (D:4)
  A crocodile (Sewer)
  A jelly (D:6)
  A scorpion (D:6)
  3 worker ants
  A goliath beetle (D:6)
  A big fish (D:5)
  2 hounds
  6 adders
  An iguana (D:4)
  A worm (D:2)
  Ijyb (D:5)
  A giant gecko (D:3)
  5 orcs
  5 giant cockroaches
  13 goblins
  7 hobgoblins
  2 jackals (D:1)
  3 quokkas
  16 bats
  5 giant newts
  A giant newt zombie (D:5)
  A goblin skeleton (D:5)
  A hobgoblin skeleton (D:6)
  6 kobolds
  3 orc skeletons
  42 rats
  2 ballistomycetes (D:5)
139 creatures vanquished.

Vanquished Creatures (collateral kills)
  Grinder (D:5)
  A sky beast (D:5)
  2 ogres (D:5)
  A phantom (D:5)
  Sigmund (D:5)
  A hippogriff zombie (D:5)
  4 crimson imps
  A scorpion (D:5)
  A hound (D:4)
  2 adders
  2 worker ants
  3 giant geckos
  A bat (D:4)
  A bat zombie (D:5)
  A hobgoblin (D:4)
  A giant gecko skeleton (D:5)
  A giant spore (D:5)
  2 rats
  A ballistomycete (D:5)
28 creatures vanquished.

Vanquished Creatures (others)
  2 flying skulls (D:5)
  A worker ant zombie (D:6)
  3 bat skeletons
  2 bat zombies (Sewer)
  A giant cockroach zombie (D:2)
  A giant gecko zombie (D:5)
  A hobgoblin skeleton (D:2)
  A kobold skeleton (D:2)
  An orc zombie (D:6)
  A rat skeleton (D:3)
  8 rat zombies (D:3)
22 creatures vanquished.

Grand Total: 189 creatures vanquished

Notes
Turn   | Place    | Note
--------------------------------------------------------------
     0 | D:1      | PolkaDot, the Vampire Death Knight, began the quest for the Orb.
     0 | D:1      | Reached XP level 1. HP: 16/16 MP: 1/1
   228 | D:1      | Reached skill level 3 in Short Blades
   231 | D:1      | Reached XP level 2. HP: 19/22 MP: 2/2
   866 | D:2      | Reached XP level 3. HP: 19/27 MP: 0/4
   873 | D:2      | Reached skill level 4 in Short Blades
  1153 | D:2      | Acquired Yredelemnul's second power
  1223 | D:2      | Reached XP level 4. HP: 29/33 MP: 5/5
  1482 | D:3      | Found a sparkling altar of Nemelex Xobeh.
  1596 | D:3      | Reached skill level 5 in Short Blades
  1889 | D:3      | Acquired Yredelemnul's third power
  2365 | D:3      | Reached skill level 6 in Short Blades
  2365 | D:3      | Reached XP level 5. HP: 29/38 MP: 6/6
  2705 | D:4      | Received a gift from Yredelemnul
  2933 | D:4      | Reached skill level 7 in Short Blades
  2933 | D:4      | Reached XP level 6. HP: 35/44 MP: 6/8
  2953 | D:4      | Found a staircase to the Ecumenical Temple.
  3016 | D:5      | Entered Level 5 of the Dungeon
  3019 | D:5      | Found an ancient bone altar of Kikubaaqudgha.
  3030 | D:5      | Noticed Grinder
  3035 | D:5      | Reached skill level 8 in Short Blades
  3040 | D:5      | Killed Grinder
  3040 | D:5      | Reached XP level 7. HP: 25/49 MP: 6/9
  3097 | D:5      | Reached skill level 9 in Short Blades
  3168 | D:5      | Noticed Ijyb
  3187 | D:5      | Killed Ijyb
  3200 | D:5      | Found a glowing drain.
  3299 | Sewer    | Entered a sewer
  3410 | D:5      | Noticed Sigmund
  3426 | D:5      | Killed Sigmund
  3563 | D:5      | Acquired Yredelemnul's fourth power
  3651 | D:5      | Reached skill level 10 in Short Blades
  3932 | D:6      | Reached XP level 8. HP: 47/55 MP: 11/11
  4138 | D:6      | Paralysed by a giant eyeball for 4 turns
  4141 | D:6      | HP: 1/55 [centaur (7)]
  4142 | D:6      | Mangled by a centaur

Action                   |  1- 3 |  4- 6 |  7- 9 || total
-------------------------+-------+-------+-------++-------
Melee: Short sword       |   121 |       |       ||   121
       Dagger            |       |   206 |   187 ||   393
Invok: Animate Remains   |    16 |    12 |       ||    28
       Animate Dead      |       |    13 |    10 ||    23
       Recall Undead Sla |       |     3 |     1 ||     4
       Stop Recall       |       |     1 |       ||     1
  Use: Potion            |     1 |       |       ||     1
       Scroll            |     2 |     3 |     8 ||    13
 Stab: Sleeping          |     1 |     1 |       ||     2
       Distracted        |       |       |     5 ||     5
